 Dungeon Crawl Stone Soup version 0.30.1-4-g462c640d31 (webtiles) character file.

Game seed: 14297110809362258615

88755 arthad the Severer (level 15, -6/149 HPs)
             Began as a Minotaur Berserker on Aug 24, 2023.
             Was the Champion of Trog.
             Mangled by an orc warrior
             ... wielding a +0 glaive
              (25 damage)
             ... while paralysed by an orc sorcerer
             ... on level 2 of the Orcish Mines.
             The game lasted 00:41:38 (18329 turns).

arthad the Severer (Minotaur Berserker)            Turns: 18329, Time: 00:41:38

Health: -6/149     AC: 25    Str: 29    XL:     15   Next: 47%
Magic:  14/14      EV:  2    Int:  4    God:    Trog [******]
Gold:   2090       SH:  0    Dex: 10    Spells: 14/14 levels left

rFire   . . .        a - +7 executioner's axe (protect)
rCold   + . .        (shield currently unavailable)
rNeg    . . .        N - +5 chain mail of Wonder {Regen+}
rPois   .            u - +2 hat
rElec   .            X - +0 cloak
rCorr   .            Z - +2 pair of gloves
SInv    .            (no boots)
Will    +....        s - amulet of regeneration Stlth
                     c - ring of protection from cold
HPRegen 2.04/turn    O - +5 ring of evasion
MPRegen 0.14/turn

%: no passive effects
@: paralysed, lethally poisoned (-6 -> -12), studying Long Blades
A: horns 2, retaliatory headbutt
a: Renounce Religion, Berserk, Trog's Hand, Brothers in Arms


You were on level 2 of the Orcish Mines.
You worshipped Trog.
Trog was exalted by your worship.
You visited 3 branches of the dungeon, and saw 22 of its levels.
You also visited: Sewer, Bailey and Gauntlet.

You collected 2200 gold pieces.
You spent 110 gold pieces at shops.

Inventory:

Hand Weapons
 a - a +7 executioner's axe of protection (weapon)
 b - a +1 broad axe of flaming
 w - the +8 arbalest "Goblinslayer" {flame, Dex+3}
   (You found it in a Gauntlet)

   Dex:       It affects your dexterity (+3).
 C - a +2 broad axe of holy wrath
Missiles
 z - 23 boomerangs
 H - 11 javelins
 I - 3 silver boomerangs
 M - 2 curare-tipped darts
 R - 26 poisoned darts (quivered)
 W - 3 atropa-tipped darts
Armour
 u - a +2 hat (worn)
 N - the +5 chain mail of Wonder (worn) {Regen+}
   (You acquired it on level 8 of the Dungeon)

   Regen:     It increases your rate of health regeneration.
 X - a +0 cloak (worn)
 Z - a +2 pair of gloves (worn)
Jewellery
 c - a ring of protection from cold (left hand)
 s - an amulet of regeneration (around neck)
 O - a +5 ring of evasion (right hand)
 S - the ring of Ojoeh {Dex+6 Stlth+}
   (You found it in a Gauntlet)

   [ring of dexterity]

   Dex:       It affects your dexterity (+6).
   Stlth:     It makes you more stealthy.
 T - a ring of protection from fire
 Y - a ring of poison resistance
Wands
 g - a wand of mindburst (17)
 o - a wand of paralysis (7)
 v - a wand of iceblast (24)
 G - a wand of polymorph (11)
 P - a wand of flame (8)
 V - a wand of acid (6)
Scrolls
 h - 2 scrolls of immolation
 l - 11 scrolls of teleportation
 m - 5 scrolls of magic mapping
 p - 5 scrolls of fear
 q - 2 scrolls of fog
 y - 5 scrolls of enchant armour
 B - a scroll of torment
 D - 2 scrolls of blinking
 E - 3 scrolls of silence
 K - 3 scrolls of poison
 Q - a scroll of butterflies
 U - 3 scrolls of identify
Potions
 d - 11 potions of flight
 f - 6 potions of haste
 i - a potion of resistance
 j - 2 potions of lignification
 k - a potion of cancellation
 n - 7 potions of heal wounds
 r - 2 potions of magic
 t - 2 potions of ambrosia
 x - 13 potions of curing
 A - 3 potions of might
 F - a potion of invisibility
 J - a potion of mutation
 L - 2 potions of attraction
Miscellaneous
 e - a box of beasts


   Skills:
 * Level 17.8 Fighting
 * Level 17.9 Axes
 + Level 9.3 Throwing
 + Level 14.0 Armour
 + Level 13.0 Dodging


You had 14 spell levels left.
You didn't know any spells.
Your spell library contained the following spells:

 Spells                   Type           Power      Damage    Failure   Level
 Apportation              Tloc           0%         N/A       86%         1
 Beastly Appendage        Tmut           0%         N/A       86%         1
 Freeze                   Ice            0%         1d3       86%         1
 Magic Dart               Conj           0%         1d3       86%         1
 Sandblast                Erth           0%         2d4       86%         1
 Blink                    Tloc           0%         N/A       94%         2
 Call Imp                 Summ           0%         N/A       94%         2
 Ensorcelled Hibernation  Hex/Ice        0%         N/A       94%         2
 Lesser Beckoning         Tloc           0%         N/A       94%         2
 Momentum Strike          Conj/Tloc      0%         3d8       94%         2
 Passwall                 Tmut/Erth      0%         N/A       94%         2
 Sublimation of Blood     Necr           0%         N/A       94%         2
 Wereblood                Tmut           0%         N/A       94%         2
 Frozen Ramparts          Ice            0%         1d1       99%         3
 Gell's Gravitas          Tloc           0%         N/A       99%         3
 Hailstorm                Conj/Ice       0%         3d3       99%         3
 Mephitic Cloud           Conj/Pois/Air  0%         N/A       99%         3
 Ozocubu's Armour         Ice            0%         N/A       99%         3
 Spider Form              Tmut/Pois      0%         N/A       99%         3
 Stone Arrow              Conj/Erth      0%         3d7       99%         3
 Teleport Other           Tloc           0%         N/A       99%         3
 Volatile Blastmotes      Fire/Tloc      0%         2d10      99%         3
 Anguish                  Hex/Necr       0%         N/A       100%        4
 Fulminant Prism          Conj/Hex       0%         3d5       100%        4
 Iskenderun's Mystic Bla  Conj/Tloc      0%         2d3       100%        4
 Manifold Assault         Tloc           0%         N/A       100%        4
 Olgreb's Toxic Radiance  Pois           0%         N/A       100%        4
 Alistair's Intoxication  Tmut/Pois      0%         N/A       100%        5
 Lee's Rapid Deconstruct  Erth           0%         3d4*      100%        5
 Summon Forest            Summ/Tloc      0%         N/A       100%        5
 Dispersal                Tloc           0%         N/A       100%        6
 Eringya's Noxious Bog    Tmut/Pois      0%         N/A       100%        6
 Ozocubu's Refrigeration  Ice            0%         4d7       100%        7
 Summon Hydra             Summ           0%         N/A       100%        7
 Borgnjor's Revivificati  Necr           0%         N/A       100%        8
 Discord                  Hex            0%         N/A       100%        8
 Disjunction              Tloc           0%         N/A       100%        8
 Ignition                 Fire           0%         3d3       100%        8
 Necromutation            Tmut/Necr      0%         N/A       100%        8
 Death's Door             Necr           0%         N/A       100%        9


Dungeon Overview and Level Annotations

Branches:
Dungeon (15/15)            Temple (0/1) D:7            Lair (5/5) D:9
 Shoals (0/4) Lair:3       Spider (0/4) Lair:3        Slime (0/5) Lair:5
    Orc (2/2) D:9             Elf (0/3) Orc:2        Vaults (0/5) D:13
 Depths (0/4) D:15          Sewer (visited)          Bailey (visited)
Gauntlet (visited)

Altars:
Ashenzari
Cheibriados
Fedhas
Hepliaklqana
Makhleb
Nemelex Xobeh
Okawaru
Ru
Xom
Lugonu

Shops:
D:6 (   D:9 *   D:11 ?   D:12 [   D:13 ?

Portals:
Abyss: Lair:5

Annotations:
D:15 3 runed translucent doors, Gosau's ghost, journeyman DsGl; wingedge's ghost, journeyman DgCj


Innate Abilities, Weirdness & Mutations

You have a pair of horns on your head.
You reflexively headbutt those who attack you in melee.


Message History

Your stone giant goes berserk!
You feel sick.
The orc shouts!
The orc warrior completely misses you. The orc knight completely misses you.
The orc sorcerer points at you and mumbles some strange words.
You suddenly lose the ability to move!
The orc warrior hits you but does no damage.
You are more poisoned.
You feel very sick.
The orc sorcerer hits you but does no damage.
An orc high priest comes into view. It is wielding a +0 short sword.
The orc warrior hits you but does no damage.
The orc knight hits you from afar with a +0 halberd!!
The orc warrior barely misses you.
An orc warrior comes into view. It is wielding a +0 war axe.
You feel very sick.
Your stone giant hits the orc sorcerer!!!
The orc sorcerer dies!
Trog accepts your kill.
Trog appreciates your killing of a magic user.
Your stone giant hits the orc warrior!!!
The orc warrior dies!
Trog accepts your kill.
The orc warrior hits you but does no damage.
The orc warrior hits you from afar with a +1 trident of venom.
* * * LOW HITPOINT WARNING * * *
You are more poisoned.
The orc knight hits you from afar with a +0 halberd!
* * * LOW HITPOINT WARNING * * *
You feel very sick.
Your stone giant hits the orc warrior!
The orc high priest utters an invocation to Beogh.
Send 'em back where they came from!
Trog shields your ally from puny magic!
The orc knight hits you with a +1 war axe of venom.
* * * LOW HITPOINT WARNING * * *
The orc knight hits your stone giant with a +1 war axe of venom.
Your stone giant is poisoned.
The orc warrior hits you from afar with a +0 glaive!!
You die...

#.........##
.. #
#........## .
##.##..##...#
#......###..#
##..#..###...#
#......###.##
##.#....# ##
####)))##
##@C)# #o.o..#


#ohoo.# #8.oo8# #.oo..# #.....# ..oo... ........ You could see an orc warlord
(strong), 2 orc knights, an orc high priest (strong), a warg, 4 orc warriors, an
orc priest (strong), an orc wizard (strong), an orc (strong) and a friendly
stone giant (summoned, berserk, very poisoned).

Vanquished Creatures
  Gastronok (Orc:1)
  Donald (Orc:2)
  2 orc warlords
  Nessos (Lair:5)
  A minotaur (Gauntlet)
  Josephine (Lair:4)
  A quicksilver dragon zombie (D:15)
  6 hydras
  4 vault guards (D:13)
  Fannar (Lair:3)
  2 centaur warriors
  An ogre mage (D:15)
  2 death knights
  Erica (Lair:2)
  5 boulder beetles
  2 death yaks (Lair:4)
  9 two-headed ogres
  A tengu warrior (D:14)
  Urug (D:9)
  A vampire mage (D:15)
  Sonja (Lair:5)
  2 thrashing horrors (Lair:5)
  Nergalle (D:11)
  Amaemon (Lair:3)
  2 skysharks (Lair:3)
  8 skeletal warriors
  6 wizards (D:12)
  Lodul (D:13)
  An obsidian statue (Gauntlet)
  A necromancer (D:15)
  An orc knight (D:15)
  2 deep elf pyromancers (D:15)
  A fire giant zombie (D:15)
  3 manticores
  9 ugly things
  7 cyclopes
  4 black mambas
  A fire giant skeleton (D:15)
  A torpor snail (Lair:4)
  2 smoke demons (Lair:5)
  An orange demon (Lair:3)
  8 cane toads
  3 rime drakes
  4 unseen horrors
  3 freezing wraiths (D:14)
  3 yaktaurs (D:15)
  6 komodo dragons
  2 tengu conjurers
  2 ancient zymes (Lair:5)
  A tarantella (shapeshifter) (D:12)
  A merfolk (Lair:3)
  6 trolls
  4 dream sheep (Lair:5)
  A hornet (D:8)
  16 blink frogs (Lair:5)
  A spriggan (Lair:5)
  8 slime creatures
  2 jumping spiders (shapeshifter) (D:15)
  A shadow (D:9)
  A spriggan skeleton (D:15)
  A vampire (D:10)
  A ynoxinul (Lair:5)
  4 centaur simulacra (Gauntlet)
  A wyvern (D:9)
  9 wraiths
  3 basilisks
  2 large abominations (Lair:5)
  A hog (shapeshifter) (Lair:5)
  A golden eye (shapeshifter) (D:15)
  2 chaos spawn (Lair:5)
  30 yaks
  11 vampire mosquitoes
  A steam dragon (D:9)
  A warg (Orc:2)
  An acid dragon (D:10)
  9 water moccasins
  27 orc warriors
  3 sky beasts
  4 black bears
  3 boggarts (D:15)
  9 ogres
  15 small abominations
  4 wolves (Lair:1)
  2 centaurs
  A phantom (D:7)
  3 kobold brigands
  19 bullfrogs
  A gnoll sergeant (D:11)
  5 scorpions
  A hornet simulacrum (Gauntlet)
  3 wights (D:10)
  6 killer bees
  An electric eel (Lair:5)
  12 howler monkeys
  11 orc priests
  2 gnoll boudas
  5 hounds
  Jessica (D:2)
  3 iguanas
  12 orc wizards
  2 sleepcaps
  A sickly merfolk siren (Sewer)
  A malarious merfolk avatar (Sewer)
  24 gnolls
  11 adders
  A river rat (Sewer)
  A shadow imp (D:8)
  3 white imps
  3 ufetubi
  4 worms
  2 dart slugs
  82 orcs
  6 ball pythons
  6 endoplasms
  12 giant cockroaches
  20 goblins
  13 hobgoblins
  5 jackals
  6 quokkas
  7 bats
  8 frilled lizards
  16 kobolds
  26 rats
664 creatures vanquished.

Vanquished Creatures (collateral kills)
  An orc sorcerer (Orc:2)
  An orc warrior (Orc:2)
2 creatures vanquished.

Vanquished Creatures (others)
  2 wizards (D:12)
  An orc (Orc:1)
3 creatures vanquished.

Grand Total: 669 creatures vanquished

Notes
Turn   | Place    | Note
-------+----------+-------------------------------------------
     0 | D:1      | arthad the Minotaur Berserker began the quest for the Orb.
     0 | D:1      | Reached XP level 1. HP: 19/19 MP: 0/0
   179 | D:1      | Reached XP level 2. HP: 23/27 MP: 1/1
   546 | D:1      | Reached ** piety under Trog
   562 | D:1      | Reached XP level 3. HP: 28/33 MP: 2/2
  1535 | D:2      | Noticed Jessica
  1541 | D:2      | Killed Jessica
  1542 | D:2      | Reached XP level 4. HP: 37/41 MP: 3/3
  2078 | D:3      | Reached *** piety under Trog
  2255 | D:4      | Reached XP level 5. HP: 32/47 MP: 4/4
  2260 | D:4      | Reached skill level 5 in Fighting
  2260 | D:4      | Reached skill level 5 in Axes
  2346 | D:4      | Reached XP level 6. HP: 56/56 MP: 5/5
  2768 | D:5      | Entered Level 5 of the Dungeon
  2831 | D:5      | Found a glowing drain.
  2924 | Sewer    | Entered a sewer
  3089 | Sewer    | Reached **** piety under Trog
  3131 | Sewer    | Reached skill level 5 in Armour
  3141 | Sewer    | Reached XP level 7. HP: 62/62 MP: 6/6
  3597 | D:5      | Reached skill level 5 in Dodging
  3898 | D:5      | Found a sparkling altar of Nemelex Xobeh.
  3898 | D:5      | Found a burning altar of Makhleb.
  3899 | D:5      | Found a snail-covered altar of Cheibriados.
  4301 | D:6      | Found Deff's Weapon Boutique.
  4313 | D:6      | Bought a +0 broad axe of holy wrath for 110 gold pieces
  4324 | D:6      | Identified the +0 robe "Qexobiadgh" {Drain rF++ rN+}
  4358 | D:6      | Reached XP level 8. HP: 67/71 MP: 7/7
  5207 | D:7      | Found a staircase to the Ecumenical Temple.
  5749 | D:7      | Reached XP level 9. HP: 81/81 MP: 8/8
  5861 | D:7      | Reached ***** piety under Trog
  6317 | D:8      | Found a flagged portal.
  6327 | Bailey   | Entered a bailey
  6518 | Bailey   | Received a gift from Trog
  6591 | Bailey   | Noticed an orc warlord
  6613 | Bailey   | Killed an orc warlord
  6614 | Bailey   | Reached XP level 10. HP: 15/91 MP: 3/9
  6704 | Bailey   | Identified the +6 quarterstaff of Massacring {freeze, Dex+3
                  | SInv}
  6737 | D:8      | Acquired the +5 chain mail of Wonder {Regen+}
  6882 | D:8      | Reached skill level 10 in Fighting
  6882 | D:8      | Reached skill level 10 in Axes
  6882 | D:8      | Reached skill level 1 in Throwing
  7204 | D:8      | Found a hazy altar of Hepliaklqana.
  7314 | D:8      | Found a broken altar of Ashenzari.
  7676 | D:9      | You fall into a shaft and drop 2 floors!
  7811 | D:11     | Noticed Nergalle
  7821 | D:11     | Killed Nergalle
  7838 | D:11     | Noticed a boulder beetle
  7847 | D:11     | Killed a boulder beetle
  7942 | D:11     | Noticed a two-headed ogre
  7943 | D:11     | Noticed a boulder beetle
  7951 | D:11     | Killed a two-headed ogre
  7952 | D:11     | Reached XP level 11. HP: 70/102 MP: 10/10
  7961 | D:11     | Killed a boulder beetle
  8069 | D:10     | Entered Level 10 of the Dungeon
  8222 | D:10     | Reached skill level 10 in Armour
  8782 | D:9      | Found Iguusm's Lightly-Used Armoury.
  8959 | D:9      | Found a blossoming altar of Fedhas.
  8972 | D:9      | Noticed a two-headed ogre
  8984 | D:9      | Killed a two-headed ogre
  8993 | D:9      | Found a staircase to the Orcish Mines.
  9127 | D:9      | Found a staircase to the Lair.
  9505 | D:11     | Noticed a white ugly thing
  9512 | D:11     | Killed a white ugly thing
  9596 | D:11     | Found Zuted's Magic Scroll Boutique.
  9632 | D:11     | Noticed a two-headed ogre
  9640 | D:11     | Killed a two-headed ogre
  9755 | D:12     | Found Leniloff's Armour Shoppe.
 10140 | D:12     | Found an iron altar of Okawaru.
 10240 | D:12     | Reached XP level 12. HP: 99/113 MP: 11/11
 10262 | D:12     | Reached skill level 10 in Dodging
 10440 | D:12     | Reached skill level 5 in Throwing
 10641 | D:13     | Found a gate to the Vaults.
 10641 | D:13     | Noticed a five-headed hydra
 10641 | D:13     | Noticed a vault guard
 10641 | D:13     | Noticed a vault guard
 10641 | D:13     | Noticed a vault guard
 10641 | D:13     | Noticed a death knight
 10641 | D:13     | Noticed a vault guard
 10641 | D:13     | Noticed a boulder beetle
 10650 | D:13     | Found Miabucza's Magic Scroll Emporium.
 10661 | D:13     | Killed a vault guard
 10676 | D:13     | Killed a two-headed hydra
 10682 | D:13     | Reached ****** piety under Trog
 10688 | D:13     | Killed a vault guard
 10699 | D:13     | Killed a vault guard
 10713 | D:13     | Killed a death knight
 10753 | D:13     | Killed a boulder beetle
 10753 | D:13     | Received a gift from Trog
 10809 | D:13     | Noticed Lodul
 10823 | D:13     | Killed Lodul
 10823 | D:13     | Noticed a boulder beetle
 10846 | D:13     | Killed a boulder beetle
 11108 | D:13     | Noticed a boulder beetle
 11120 | D:13     | Killed a boulder beetle
 11121 | D:13     | Reached XP level 13. HP: 124/124 MP: 12/12
 11706 | D:14     | Reached skill level 15 in Axes
 11721 | D:14     | Reached skill level 15 in Fighting
 12163 | D:15     | Entered Level 15 of the Dungeon
 12238 | D:15     | Found a gate leading to a gauntlet.
 12265 | Gauntlet | Entered a Gauntlet
 12265 | Gauntlet | Found a transporter.
 12276 | Gauntlet | Found a transporter.
 12291 | Gauntlet | Found a transporter.
 12296 | Gauntlet | Found a transporter.
 12312 | Gauntlet | Found a transporter.
 12331 | Gauntlet | Found a transporter.
 12343 | Gauntlet | Found a transporter.
 12343 | Gauntlet | Noticed a cacodemon
 12351 | Gauntlet | Found a large runed translucent door.
 12351 | Gauntlet | Noticed a balrug
 12352 | Gauntlet | Found a large runed translucent door.
 12353 | Gauntlet | Found a large runed translucent door.
 12353 | Gauntlet | Found a large runed translucent door.
 12354 | Gauntlet | Found a runed translucent gate.
 12355 | Gauntlet | Found a transporter.
 12355 | Gauntlet | Found a runed translucent gate.
 12356 | Gauntlet | Found a runed translucent gate.
 12357 | Gauntlet | Found a large runed translucent door.
 12357 | Gauntlet | Found a large runed translucent door.
 12358 | Gauntlet | Found a large runed translucent door.
 12359 | Gauntlet | Found a large runed translucent door.
 12366 | Gauntlet | Noticed a reaper
 12367 | Gauntlet | Found a transporter.
 12379 | Gauntlet | Found a transporter.
 12396 | Gauntlet | Found a transporter.
 12414 | Gauntlet | Found a transporter.
 12416 | Gauntlet | Found a transporter.
 12441 | Gauntlet | Found a transporter.
 12443 | Gauntlet | Found a transporter.
 12463 | Gauntlet | Found a transporter.
 12541 | Gauntlet | Found a transporter.
 12557 | Gauntlet | Found a large runed translucent door.
 12557 | Gauntlet | Found a large runed translucent door.
 12557 | Gauntlet | Found a runed translucent door.
 12557 | Gauntlet | Found a runed translucent door.
 12558 | Gauntlet | Found a large runed translucent door.
 12559 | Gauntlet | Found a large runed translucent door.
 12561 | Gauntlet | Found a transporter.
 12577 | Gauntlet | Found a large runed translucent door.
 12577 | Gauntlet | Found a large runed translucent door.
 12578 | Gauntlet | Found a large runed translucent door.
 12579 | Gauntlet | Found a large runed translucent door.
 12681 | Gauntlet | Identified the +8 arbalest "Goblinslayer" {flame, Dex+3}
 12784 | Gauntlet | Identified the ring of Ojoeh {Dex+6 Stlth+}
 12815 | Gauntlet | Identified the +3 glaive "Teuleg" {pain, Dex+5}
 12815 | Gauntlet | Noticed a minotaur
 12829 | Gauntlet | Killed a minotaur
 12830 | Gauntlet | Reached XP level 14. HP: 118/136 MP: 13/13
 12869 | Gauntlet | Identified the +0 kite shield of Beishruko {rCorr Str-5
                  | Int+3 Dex-4}
 12907 | D:15     | Found a runed translucent gate.
 12908 | D:15     | Found a runed translucent gate.
 12908 | D:15     | Found a runed translucent gate.
 12909 | D:15     | Noticed Gosau's ghost (journeyman DsGl)
 12910 | D:15     | Noticed wingedge's ghost (journeyman DgCj)
 12911 | D:15     | Found the +9 sword of Zonguldrok {reap}
 13087 | D:15     | Found a shimmering altar of Xom.
 13087 | D:15     | Found a shimmering altar of Xom.
 13087 | D:15     | Found a shimmering altar of Xom.
 13087 | D:15     | Found a shimmering altar of Xom.
 13088 | D:15     | Found a shimmering altar of Xom.
 13088 | D:15     | Found a shimmering altar of Xom.
 13089 | D:15     | Found a shimmering altar of Xom.
 13134 | D:15     | Received a gift from Trog
 13162 | D:15     | Found a staircase to the Depths.
 13623 | Lair:1   | Entered Level 1 of the Lair of Beasts
 14687 | Lair:2   | Noticed Erica
 14707 | Lair:2   | Killed Erica
 14783 | Lair:2   | Found a sacrificial altar of Ru.
 15115 | Lair:3   | Noticed Amaemon
 15129 | Lair:3   | Killed Amaemon
 15295 | Lair:3   | Found a staircase to the Shoals.
 15366 | Lair:3   | Found a hole to the Spider Nest.
 15405 | Lair:3   | Noticed Fannar
 15420 | Lair:3   | Killed Fannar
 16620 | Lair:5   | Entered Level 5 of the Lair of Beasts
 16620 | Lair:5   | Noticed Josephine
 16620 | Lair:5   | Noticed Nessos
 16637 | Lair:4   | Killed Josephine
 16744 | Lair:5   | Killed Nessos
 16745 | Lair:5   | Reached XP level 15. HP: 85/147 MP: 14/14
 16824 | Lair:5   | Identified the +0 leather armour of Kaungoki {rElec}
 16949 | Lair:5   | Found a staircase to the Slime Pits.
 17108 | Lair:5   | Received a gift from Trog
 17370 | Lair:5   | Found a corrupted altar of Lugonu.
 17370 | Lair:5   | Found a one-way gate to the infinite horrors of the Abyss.
 17664 | Lair:5   | Noticed Sonja
 17672 | Lair:5   | Killed Sonja
 17982 | Orc:1    | Entered Level 1 of the Orcish Mines
 17982 | Orc:1    | Noticed Urug
 17982 | Orc:1    | Noticed Gastronok
 17988 | D:9      | Killed Urug
 18011 | Orc:1    | Killed Gastronok
 18029 | Orc:1    | Received a gift from Trog
 18206 | Orc:2    | Entered Level 2 of the Orcish Mines
 18206 | Orc:2    | Found a staircase to the Elven Halls.
 18229 | Orc:2    | Noticed Donald
 18244 | Orc:2    | Killed Donald
 18326 | Orc:2    | Paralysed by an orc sorcerer for 5 turns
 18329 | Orc:2    | Mangled by an orc warrior

Illustrated notes

Levels and vault maps discovered:
D:1:      dpeg_arrival_more_subterranean_lakeside_camping, layout_basic
D:2:      layout_basic, uniq_jessica
D:3:      layout_loops_cross, corexii_shack
D:4:      layout_rooms, kennysheep_doodads, dk_noncrumbling_4
D:5:      layout_loops_cross, nicolae_overflow_hidden_temple,
          gup_sewer_entry_pipe
D:6:      layout_cave_pods, serial_shops, nicolae_shop_bloodbath_and_beyond,
          serial_park, serial_park_tiny_1, serial_park_tiny_1,
          serial_park_tiny_1, serial_park_square2, serial_park_tiny_1,
          serial_park_square3 [serial_park_minivault_5x5_2],
          serial_park_square2, reono_crystal_passage
D:7:      layout_loops_corners, minmay_temple_entry_antechambers
D:8:      minmay_clustersquares, layout_basic,
          worldfamousw_hep_ancestral_shrine,
          mainiacjoe_overflow_surrounded_room, enter_bailey_7, minmay_holes
D:9:      layout_basic, fedhas_altar_2, grunt_lair_entry_orc_guard_hut,
          david_orc_5, chequers_serial_rivers_marsh, chequers_decorated_corner,
          minmay_shop_damaged
D:10:     layout_irregular_city
D:11:     layout_irregular_city, serial_shops, shop, uniq_nergalle
D:12:     minmay_wizard_corner, layout_long_grid, serial_shops, shop,
          okawaru_trees_2
D:13:     layout_cross, lightli_vaults_fourway_checkpoint, serial_shops,
          nicolae_take_the_stairs, uniq_lodul
D:14:     layout_roguey, chequers_serial_rivers_micro_c, nrook_mini_vaults
D:15:     gammafunk_depths_entry_grave, layout_cave_pools,
          minmay_misc_feat_doors, gauntlet_entry_generic,
          gammafunk_ghost_cemetery, xom_shifter_show
Lair:1:   layout_roguey, chequers_serial_rivers_micro_a, patterned_corridor,
          serial_bayou_shore_b
Lair:2:   layout_long_grid, basic_altar, uniq_erica
Lair:3:   layout_misc_corridors, elwin_shoals_entry_rooms,
          nicolae_spider_entry_non_spiders, eino_small_chamber_without_monster,
          hibernation_bobbens, infiniplex_staircase_pool_2, uniq_fannar,
          uniq_amaemon
Lair:4:   layout_regular_city, grunt_megastairs_2
Lair:5:   hellmonk_lair_end_abyssal_woods, layout_gridlike, slime_entry_1,
          grunt_megastairs_3, serial_bayou_shore_a, uniq_sonja, uniq_josephine,
          uniq_nessos
Orc:1:    layout_caves, serial_shops, uniq_urug, uniq_gastronok
Orc:2:    grunt_orc_cross, layout_caves, uniq_donald

Skill      XL: |  1  2  3  4  5  6  7  8  9 10 11 12 13 14 15 |
---------------+----------------------------------------------+-----
Axes           | 4 5 6 7 9 11 12 14 15 17 | 17.9
Fighting       | 4 5 6 7 9 11 12 14 15 17 | 17.8
Armour         | 3 4 5 6 7 8 9 10 11 12 13 14 | 14.0
Dodging        | 3 4 5 6 8 9 10 11 12 13 | 13.0
Throwing       | 3 4 6 7 8 9 |  9.3

Action                     |  1- 3 |  4- 6 |  7- 9 | 10-12 | 13-15 || total
---------------------------+-------+-------+-------+-------+-------++-------
  Melee: Hand axe          |    82 |   113 |    83 |       |       ||   278
         Headbutt          |    10 |    16 |    47 |    75 |   130 ||   278
         Punch             |       |     1 |     3 |       |       ||     4
         Broad axe         |       |       |   180 |       |    24 ||   204
         Executioner's axe |       |       |    18 |   373 |   590 ||   981
         War axe           |       |       |       |     7 |       ||     7
  Throw: Boomerang         |       |     2 |    17 |       |     8 ||    27
         Dart              |       |       |       |    45 |    47 ||    92
         Javelin           |       |       |       |       |     2 ||     2
 Invoke: Berserk           |       |     1 |     3 |     2 |     5 ||    11
         Trog's Hand       |       |     1 |     2 |     2 |     6 ||    11
         Brothers in Arms  |       |       |       |       |     1 ||     1
  Evoke: Wand              |       |       |       |       |     5 ||     5
         Box of beasts     |       |       |       |       |     1 ||     1
    Use: Scroll            |       |     6 |    10 |     8 |    12 ||    36
         Potion            |       |       |     3 |       |     2 ||     5
   Stab: Sleeping          |     1 |       |       |       |       ||     1
 Armour: Animal skin       |    10 |     4 |       |       |       ||    14
         Scale mail        |       |    18 |    99 |       |       ||   117
         Chain mail        |       |       |       |   357 |   367 ||   724
  Dodge: Dodged            |    56 |    67 |   192 |   314 |   689 ||  1318
